 Dungeon Crawl Stone Soup version 0.21.0-3-g78d12a8bdd (webtiles) character file.

3166 Fv001 the Blocker (level 10, -2/69 HPs)
             Began as a Formicid Fighter on Jan 17, 2018.
             Was an Elder of Okawaru.
             Slain by a skeletal warrior
             ... wielding a +0 scimitar
             ... led by a death knight
              (14 damage)
             ... on level 8 of the Dungeon.
             The game lasted 00:21:22 (6754 turns).

Fv001 the Blocker (Formicid Fighter)                Turns: 6754, Time: 00:21:22

Health: -2/69      AC: 17    Str: 21    XL:     10   Next: 15%
Magic:  13/13      EV:  8    Int:  6    God:    Okawaru [****..]
Gold:   388        SH:  0    Dex: 13    Spells: 9/9 levels left

rFire    . . .     SeeInvis +   a - +0 long sword
rCold    . . .     Gourm    .   c - +0 shield
rNeg     . . .     Faith    .   y - +1 plate armour
rPois    +         Spirit   .   (helmet unavailable)
rElec    .         Reflect  +   o - +2 cloak
rCorr    .         Harm     .   (no gloves)
MR       ++...                  (no boots)
Stlth    ..........             g - +3 amulet of reflection
HPRegen  0.21/turn              p - ring of protection from magic
MPRegen  0.13/turn              k - ring of poison resistance

@: confused
A: permanent stasis, dig shafts and tunnels, four strong arms, antennae 3, fangs
1, deterioration 1, dopey 1, frail 1
a: Dig, Shaft Self, Heroism, Renounce Religion


You were on level 8 of the Dungeon.
You worshipped Okawaru.
Okawaru was greatly pleased with you.
You were not hungry.

You visited 1 branch of the dungeon, and saw 8 of its levels.
You also visited: Sewer and Ossuary.

You collected 388 gold pieces.

Inventory:

Hand Weapons
 a - a +0 long sword (weapon)
 b - a +2 short sword of venom
 D - a +0 rapier
Missiles
 B - 7 bolts
Armour
 c - a +0 shield (worn)
 o - a +2 cloak (worn)
 t - the +1 scale mail "Gutrurgh" {rCorr MP+9 Int+5 Dex+3}
   (You found it on level 6 of the Dungeon)

   It affects your intelligence (+5).
   It affects your dexterity (+3).
   It affects your magic capacity (+9).
   It protects you from acid and corrosion.
 y - a +1 plate armour (worn)
Jewellery
 g - a +3 amulet of reflection (around neck)
 k - a ring of poison resistance (right hand)
 l - an uncursed ring of fire {unknown}
 p - a ring of protection from magic (left hand)
 F - an uncursed ring of protection from magic
Wands
 j - a wand of flame (54)
 r - a wand of iceblast (5)
 C - a wand of clouds (2)
Scrolls
 h - a scroll of remove curse
 v - a scroll of fear {unknown}
 x - 2 scrolls of holy word
 E - a scroll of random uselessness {unknown}
Potions
 d - 2 potions of might
 e - 4 potions of lignification
 i - a potion of haste {unknown}
 m - 10 potions of curing
 n - 3 potions of flight
 q - a potion of heal wounds {unknown}
 s - a potion of degeneration {unknown}
 w - a potion of ambrosia
Books
 u - a book of Maledictions

   Spells                             Type                      Level
   a - Corona                         Hexes                        1
   b - Ensorcelled Hibernation        Hexes/Ice                    2
   c - Confuse                        Hexes                        3
   d - Tukima's Dance                 Hexes                        3
   e - Dazzling Spray                 Conjuration/Hexes            3
 z - a book of Misfortune

   Spells                             Type                      Level
   a - Confusing Touch                Hexes                        1
   b - Confuse                        Hexes                        3
   c - Gell's Gravitas                Translocation                3
   d - Petrify                        Transmutation/Earth          4
   e - Metabolic Englaciation         Hexes/Ice                    5
   f - Yara's Violent Unravelling     Hexes/Transmutation          5
Comestibles
 f - 17 rations
 A - 3 chunks of flesh


   Skills:
 + Level 6.8 Fighting
 + Level 5.5 Long Blades
 * Level 7.9 Armour
 + Level 4.6 Dodging
 * Level 8.8 Shields
 + Level 4.0 Invocations


You had 9 spell levels left.
You didn't know any spells.

Dungeon Overview and Level Annotations

Branches:
Dungeon (8/15)
 Temple: D:4-7         Lair: D:8-11

Altars:
Dithmenos
Nemelex Xobeh
Okawaru
Ru
Vehumet
Wu Jian
Xom


Innate Abilities, Weirdness & Mutations

You cannot be hasted, slowed, berserked, paralysed or teleported.
You can dig through walls and to a lower floor.
Your four strong arms can wield two-handed weapons with a shield.
You have a pair of large antennae on your head. (SInv)
You have very sharp teeth.
Your body sometimes deteriorates upon taking damage.
You are dopey. (Int -2)
You are frail. (-10% HP)


Message History

The skeletal warrior is almost destroyed.
You closely miss the skeletal warrior.
You bite the skeletal warrior, but do no damage.
The skeletal warrior is almost destroyed.
The skeletal warrior barely misses you.
You hit the skeletal warrior but do no damage.
The skeletal warrior is almost destroyed.
The skeletal warrior hits you with a scimitar!
* * * LOW HITPOINT WARNING * * *
You feel better.
You block the skeletal warrior's attack.
You are confused.
You feel invigorated.
The skeletal warrior hits you with a scimitar.
* * * LOW HITPOINT WARNING * * *
You completely miss the skeletal warrior.
Your bite misses the skeletal warrior.
The skeletal warrior is almost destroyed.
The skeletal warrior hits you with a scimitar!
You die...

### #. ..# #. #.# #. #.# #. #.#
#.##.#
##..#.#########################
................@z.............
..#.#........#########.........
#.#.#........'.................
#.#.#...#....######...z........
#.#.#..........................
#.#.#.#.#.########.............
#.#.#.#.#.# #..#......$...
#.#.#.#.#.# #.......(.....
....#.#.#.### .....########.#


You could see a skeletal warrior.

Vanquished Creatures
  A hippogriff (D:7)
  Sigmund (D:4)
  Eustachio (D:6)
  An orc warrior (D:6)
  An ice beast (D:6)
  Duvessa (D:7)
  A black bear (D:6)
  2 ogres (D:4)
  A necrophage (D:6)
  A centaur (D:6)
  A crocodile (D:7)
  3 bullfrogs
  Dowan (D:7)
  3 scorpions
  3 howler monkeys
  3 centaur zombies
  2 crimson imps
  5 hounds
  2 jellies
  6 orc wizards
  3 orc priests
  A bullfrog skeleton (D:5)
  Ijyb (D:3)
  Terence (D:3)
  2 centaur skeletons
  3 iguanas
  3 worker ants
  A big kobold zombie (Ossuary)
  2 hound zombies
  A hound skeleton (D:8)
  5 mummies
  A howler monkey skeleton (D:6)
  A worker ant zombie (D:5)
  6 adders
  3 gnolls (D:6)
  3 river rats (Sewer)
  An adder skeleton (D:4)
  An adder zombie (D:7)
  4 dart slugs
  7 leopard geckos
  22 orcs
  9 giant cockroaches
  7 goblins
  11 hobgoblins
  7 jackals
  7 quokkas
  A ball python (D:3)
  8 bats
  2 frilled lizards
  A goblin zombie (D:4)
  3 hobgoblin zombies (Ossuary)
  6 kobolds
  A leopard gecko skeleton (D:7)
  An orc zombie (D:4)
  A quokka skeleton (D:4)
  6 rats
183 creatures vanquished.

Vanquished Creatures (collateral kills)
  A big kobold (Sewer)
  An orc wizard (D:3)
  3 orcs (D:3)
  A jackal (Sewer)
  2 kobolds
  A bat (D:3)
9 creatures vanquished.

Grand Total: 192 creatures vanquished

Notes
Turn   | Place    | Note
-------+----------+-------------------------------------------
     0 | D:1      | Fv001 the Formicid Fighter began the quest for the Orb.
     0 | D:1      | Reached XP level 1. HP: 18/18 MP: 1/1
   287 | D:1      | Reached XP level 2. HP: 14/24 MP: 2/2
   673 | D:1      | Reached skill level 4 in Shields
   684 | D:1      | Reached XP level 3. HP: 29/29 MP: 3/3
  1213 | D:2      | Found a faded altar of an unknown god.
  1236 | D:2      | Became a worshipper of Xom the Tricky
  1343 | D:2      | Reached XP level 4. HP: 37/37 MP: 4/4
  1424 | D:2      | Found an ornate altar of the Wu Jian Council.
  1772 | D:3      | XOM: silly message
  1780 | D:3      | XOM: potion effect (invisibility)
  1809 | D:3      | Reached skill level 1 in Dodging
  1832 | D:3      | Found a glowing drain.
  1836 | Sewer    | Entered a sewer
  1846 | Sewer    | Reached XP level 5. HP: 39/42 MP: 5/5
  1905 | Sewer    | XOM: cast spell 'Call Canine Familiar'
  1911 | Sewer    | XOM: harmless Tmut miscast
  1914 | Sewer    | Noticed a big kobold
  1929 | Sewer    | Killed a big kobold
  1951 | Sewer    | Found a white marble altar of Elyvilon.
  2069 | D:3      | XOM: scenery: create altars
  2118 | D:3      | Noticed Ijyb
  2134 | D:3      | Killed Ijyb
  2134 | D:3      | Reached XP level 6. HP: 46/48 MP: 6/6
  2169 | D:3      | Noticed Terence
  2223 | D:3      | XOM: fog
  2226 | D:3      | Killed Terence
  2358 | D:3      | Reached skill level 5 in Shields
  2960 | D:4      | Noticed an ogre
  2974 | D:4      | XOM: summons 2 hostile shadow creatures
  2977 | D:4      | XOM: swap monsters
  2979 | D:4      | XOM: blink monster(s)
  2980 | D:4      | XOM: chaos upgrade
  2984 | D:4      | XOM: give mutations
  2984 | D:4      | Gained mutation: Your body sometimes deteriorates upon taking damage. [Xom's mischief]
  2984 | D:4      | Gained mutation: You have very sharp teeth. [Xom's mischief]
  2995 | D:3      | Reached XP level 7. HP: 47/55 MP: 7/7
  3032 | D:3      | XOM: mild Chrm miscast
  3115 | D:4      | Found an iron altar of Okawaru.
  3125 | D:4      | Fell from the grace of Xom
  3125 | D:4      | Became a worshipper of Warmaster Okawaru
  3274 | D:4      | Found a radiant altar of Vehumet.
  3275 | D:4      | Found a shadowy altar of Dithmenos.
  3323 | D:4      | Found a sand-covered staircase.
  3380 | Ossuary  | Entered an ossuary
  3419 | Ossuary  | Reached skill level 5 in Fighting
  3419 | Ossuary  | Reached skill level 5 in Armour
  3787 | D:4      | Noticed Sigmund
  3827 | D:4      | Killed Sigmund
  3827 | D:4      | Reached * piety under Okawaru
  3827 | D:4      | Reached skill level 6 in Shields
  3827 | D:4      | Reached XP level 8. HP: 53/63 MP: 8/8
  3943 | D:4      | XOM: summons 3 hostile shadow creatures
  4221 | D:4      | XOM: mild Air miscast
  4325 | D:5      | Entered Level 5 of the Dungeon
  4339 | D:5      | Reached skill level 1 in Invocations
  4532 | D:5      | Found a sacrificial altar of Ru.
  4541 | D:5      | Reached ** piety under Okawaru
  4751 | D:1      | XOM: scenery: 1 doors close
  4867 | D:2      | XOM: cloud trail
  4998 | D:5      | Reached XP level 9. HP: 69/69 MP: 10/10
  5020 | D:5      | Reached skill level 7 in Shields
  5143 | D:5      | XOM: give mutations
  5143 | D:5      | Gained mutation: You are dopey. (Int -2) [Xom's mischief]
  5143 | D:5      | Gained mutation: You are frail. (-10% HP) [Xom's mischief]
  5421 | D:6      | XOM: summons 1 hostile demon
  5497 | D:6      | Found a sparkling altar of Nemelex Xobeh.
  5567 | D:6      | Noticed Eustachio
  5609 | D:6      | XOM: blink monster(s)
  5610 | D:6      | Killed Eustachio
  5610 | D:6      | Reached skill level 5 in Long Blades
  5672 | D:6      | Reached *** piety under Okawaru
  5824 | D:6      | Got a twisted scale mail
  5835 | D:6      | Identified the cursed +1 scale mail "Gutrurgh" {rCorr MP+9 Int+5 Dex+3} (You found it on level 6 of the Dungeon)
  5888 | D:6      | Reached skill level 8 in Shields
  5913 | D:6      | XOM: noise
  6081 | D:7      | Noticed Duvessa
  6082 | D:7      | Noticed Dowan
  6088 | D:7      | Killed Duvessa
  6089 | D:7      | Killed Dowan
  6131 | D:7      | Noticed a hippogriff
  6141 | D:7      | Killed a hippogriff
  6141 | D:7      | Reached XP level 10. HP: 49/69 MP: 12/12
  6249 | D:7      | Reached **** piety under Okawaru
  6655 | D:7      | XOM: divination: detect items
  6718 | D:8      | Noticed a skeletal warrior
  6751 | D:8      | HP: 3/69 [skeletal warrior/scimitar[a death knight] (10)]
  6754 | D:8      | Slain by a skeletal warrior

Skill      XL: |  1  2  3  4  5  6  7  8  9 10 |
---------------+-------------------------------+-----
Shields        | 4 5 6 8 |  8.8
Dodging        | 1 2 3 4 |  4.6
Fighting       | 4 5 6 |  6.8
Armour         | 4 5 6 7 |  7.9
Long Blades    | 3 4 5 |  5.5
Invocations    | 1 3 4 |  4.0

Action                   |  1- 3 |  4- 6 |  7- 9 | 10-12 || total
-------------------------+-------+-------+-------+-------++-------
Melee: Long sword        |   160 |   203 |   463 |    86 ||   912
       Bite              |       |       |    55 |    12 ||    67
 Abil: Dig               |       |     1 |     6 |       ||     7
Evoke: Wand              |       |       |    16 |     3 ||    19
  Use: Scroll            |     3 |     1 |    10 |     2 ||    16
       Potion            |       |       |       |     2 ||     2
 Stab: Invisible         |       |     1 |       |       ||     1
  Eat: Chunk             |     2 |     6 |    12 |     2 ||    22
Armor: Scale mail        |    58 |    38 |       |       ||    96
       Chain mail        |       |    43 |   134 |       ||   177
       Plate armour      |       |       |    23 |    22 ||    45
Dodge: Dodged            |    51 |    54 |   107 |    12 ||   224
Block: Shield            |   115 |   142 |   303 |    45 ||   605
       Reflection        |     2 |     2 |     3 |       ||     7
       Rpst.: Long sword |    13 |    16 |    34 |     4 ||    67
